 Dungeon Crawl Stone Soup version 0.17-a0-1404-gb8113a6 (webtiles) character file.

1323 wvc the Slicer (level 8, -1/38 HPs)
             Began as a Vine Stalker Artificer on June 21, 2015.
             Was a Believer of Nemelex Xobeh.
             Splashed by a jelly's acid (4 damage)
             ... on level 7 of the Dungeon.
             The game lasted 00:13:53 (5343 turns).

wvc the Slicer (Vine Stalker Artificer)             Turns: 5343, Time: 00:13:54

Health: -1/38      AC: -7    Str: 18    XL:     8   Next: 59%
Magic:  0/11       EV: 10    Int: 12    God:    Nemelex Xobeh [**....]
Gold:   114        SH:  0    Dex: 17    Spells: 0 memorised, 7 levels left

rFire  . . .     SeeInvis .     q - +1 dagger (protect)
rCold  . . .     Clarity  .     y - +0 scale mail "Pom Mud" {rN++ Str+4}
rNeg   + + +     SustAt   .     (no shield)
rPois  .         Gourm    .     D - +0 helmet
rElec  .         Spirit   +     (no cloak)
rCorr  .         Warding  .     (no gloves)
rMut   .         Stasis   .     (no boots)
MR     ++...                    (no amulet)
Stlth  +.........               a - ring of positive energy
                                w - ring of protection from magic

@: corroded equipment, very resistant to hostile enchantments, very unstealthy
A: fangs 3, regeneration 2, magic shield, antimagic bite, no device heal 3, rot
immunity
a: Renounce Religion


You were on level 7 of the Dungeon.
You worshipped Nemelex Xobeh.
Nemelex Xobeh was pleased with you.
You were not hungry.

You visited 1 branch of the dungeon, and saw 7 of its levels.

You collected 354 gold pieces.
You spent 240 gold pieces at shops.

Inventory:

Hand weapons
 q - a +1 dagger of protection (weapon)
Missiles
 g - 15 poisoned needles
 m - a throwing net (quivered)
 r - 5 javelins
Armour
 i - a +2 leather armour of cold resistance
 y - the +0 scale mail "Pom Mud" (worn) {rN++ Str+4}
   (You bought it in a shop on level 5 of the Dungeon)

   It affects your strength (+4).
   It greatly protects you from negative energy.
 D - a +0 helmet (worn)
Jewellery
 a - a ring of positive energy (right hand)
 w - a ring of protection from magic (left hand)
Magical devices
 c - a wand of flame (6)
 d - a wand of enslavement (14)
 e - a wand of random effects (11)
Scrolls
 b - 2 scrolls of blinking
 k - 3 scrolls of remove curse
 l - a scroll of amnesia
 n - 2 scrolls of enchant weapon
 x - a scroll of enchant armour
 C - a scroll of immolation
Potions
 h - 2 potions of invisibility
 j - 2 potions of curing
 o - a potion of brilliance {unknown}
 p - 2 potions of haste
 s - a potion of beneficial mutation {unknown}
 v - a potion of might {unknown}
Miscellaneous
 t - a plain deck of escape
 A - a plain deck of war {drawn: 3}
Comestibles
 f - 3 bread rations
 u - 3 meat rations
 B - a beef jerky


   Skills:
 - Level 1.7 Fighting
 * Level 8.1 Short Blades
 - Level 2.9 Armour
 - Level 1.5 Dodging
 - Level 1.5 Stealth
 + Level 3.4 Evocations


You had 7 spell levels left.
You didn't know any spells.

Dungeon Overview and Level Annotations

Branches:
Dungeon (7/15)
 Temple: D:4-7

Altars:
Ashenzari
Dithmenos
Kikubaaqudgha
Nemelex Xobeh
Okawaru
Sif Muna
Vehumet
Xom
Zin
The Shining One

Shops:
D:5 *

Annotations:
D:3 exclusion: door, Aiteri's ghost, average HOFi


Innate Abilities, Weirdness & Mutations

You have razor-sharp teeth.
You heal very quickly.
When hurt, damage is shared between your health and your magic reserves.
Your bite disrupts and absorbs the magic of your enemies.
Potions and wands cannot restore your health.
You are immune to rotting.


Message History

The orc hits you with a mace.
* * * LOW HITPOINT WARNING * * *
You hit the orc. You bite the orc, but do no damage.
The orc is heavily wounded.
You closely miss the orc. You bite the orc, but do no damage.
The orc is heavily wounded.
The jelly jiggles.
The orc hits you with a mace.
* * * LOW HITPOINT WARNING * * *
You barely miss the orc. You bite the orc. You drain its power.
You feel invigorated.
You kill the orc!
You hit the jelly but do no damage. The acid corrodes you!
Your hands burn!
* * * LOW HITPOINT WARNING * * *
The jelly is severely wounded.
The jelly hits you.
* * * LOW HITPOINT WARNING * * *
You are splashed with acid!
The acid burns!
You die...
Your body disappears without a glow.

## o# .#
#####
#######o#
#<..#
#....@JZ#
###.#
#.#######
#.#####.#
#.......#
#########


You could see a jelly, an orc priest and an adder zombie.

Vanquished Creatures
  An ice beast (D:5)
  An ogre (D:6)
  2 phantoms
  3 centaurs
  2 giant frogs
  A wyvern skeleton (D:6)
  A scorpion (D:6)
  A crimson imp (D:6)
  An orc priest (D:5)
  A hound (D:7)
  An orc wizard (D:5)
  2 giant frog skeletons
  2 worker ants
  An iguana (D:4)
  8 adders
  A shadow imp (D:7)
  2 oozes
  2 worms
  A giant gecko (D:3)
  11 orcs
  2 ball pythons
  A bat zombie (D:5)
  4 giant cockroaches
  12 goblins
  10 hobgoblins
  4 jackals (D:4)
  3 quokkas
  11 bats
  7 giant newts
  13 kobolds
  15 rats
127 creatures vanquished.

Vanquished Creatures (collateral kills)
  A gnoll sergeant (D:6)
  A hound (D:6)
  4 gnolls (D:6)
  A goblin (D:4)
  2 hobgoblins
9 creatures vanquished.

Vanquished Creatures (others)
  A human (D:4)
  An orc wizard (D:5)
  A goblin (D:5)
  5 toadstools (D:1)
8 creatures vanquished.

Grand Total: 144 creatures vanquished

Notes
Turn   | Place    | Note
--------------------------------------------------------------
     0 | D:1      | wvc the Vine Stalker Artificer began the quest for the Orb.
     0 | D:1      | Reached XP level 1. HP: 9/9 MP: 3/3
    66 | D:1      | Reached skill level 1 in Short Blades
    78 | D:1      | Reached skill level 1 in Fighting
   193 | D:1      | Reached XP level 2. HP: 14/14 MP: 5/5
   671 | D:2      | Reached XP level 3. HP: 18/18 MP: 6/6
   881 | D:2      | Reached skill level 1 in Armour
  1081 | D:2      | Reached XP level 4. HP: 23/23 MP: 7/7
  1296 | D:3      | Noticed a centaur
  1312 | D:3      | Killed a centaur
  1312 | D:3      | Reached skill level 3 in Short Blades
  1312 | D:3      | Reached XP level 5. HP: 4/26 MP: 2/8
  1434 | D:3      | Noticed Aiteri's ghost (average HOFi)
  1855 | D:3      | Found a deep blue altar of Sif Muna.
  2139 | D:3      | Found a sparkling altar of Nemelex Xobeh.
  2146 | D:3      | Became a worshipper of Nemelex Xobeh the Trickster
  2172 | D:3      | Received a gift from Nemelex Xobeh
  2542 | D:3      | HP: 1/26 [poisoned by a worker ant]
  2653 | D:4      | Gained mutation: You heal very quickly. [Vine Stalker growth]
  2653 | D:4      | Reached XP level 6. HP: 20/30 MP: 3/9
  3104 | D:4      | Found a shadowy altar of Dithmenos.
  3104 | D:4      | Noticed a phantom
  3152 | D:4      | Killed a phantom
  3152 | D:4      | Reached skill level 4 in Short Blades
  3393 | D:4      | Found an ancient bone altar of Kikubaaqudgha.
  3396 | D:4      | Noticed a human
  3398 | D:4      | Killed a human
  3510 | D:5      | Entered Level 5 of the Dungeon
  3545 | D:5      | Reached skill level 5 in Short Blades
  3545 | D:5      | Reached XP level 7. HP: 20/34 MP: 10/10
  3606 | D:5      | Found a shattered altar of Ashenzari.
  3606 | D:5      | Found a glowing golden altar of the Shining One.
  3744 | D:5      | Found a shattered altar of Ashenzari.
  3807 | D:5      | Found an iron altar of Okawaru.
  3866 | D:5      | Found Plog's Assorted Antiques.
  3907 | D:5      | Bought an encrusted scale mail for 216 gold pieces
  3907 | D:5      | Bought a scroll labeled CIPAYTA SOLUON for 24 gold pieces
  3912 | D:5      | Identified the +0 scale mail "Pom Mud" {rN++ Str+4} (You bought it in a shop on level 5 of the Dungeon)
  4016 | D:5      | Found a glowing silver altar of Zin.
  4016 | D:5      | Noticed an angel
  4377 | D:6      | Found a shimmering altar of Xom.
  4445 | D:6      | Reached skill level 6 in Short Blades
  4506 | D:6      | Found a radiant altar of Vehumet.
  4545 | D:6      | Received a gift from Nemelex Xobeh
  4602 | D:6      | Gained mutation: You have razor-sharp teeth. [Vine Stalker growth]
  4602 | D:6      | Reached XP level 8. HP: 34/38 MP: 11/11
  4648 | D:6      | Reached skill level 7 in Short Blades
  5322 | D:7      | Reached skill level 8 in Short Blades
  5343 | D:7      | Splashed by a jelly's acid

Vault maps used:
D:1:      ldierk_walled_garden
D:3:      led_sif_book, minmay_misc_feat_room, nemelex_spade_bored_becter
D:4:      grunt_dithmenos_shadows, first_bread, portal_sewer_entry_d,
          tgw_kikubaaqudgha
D:5:      gammafunk_temple_overflow_elements, zin_angel, kennysheep_mini,
          serial_shops, nicolae_shop_statue_plus, cheibrodos_ashenzari_chains
D:6:      lemuel_doored_altar, kennysheep_little_box, st_stairs_2,
          kennysheep_small_spiral, glass_columns_b
D:7:      minmay_temple_entry_crystal_x, serial_shops, shop

Action                   |  1- 3 |  4- 6 |  7- 9 || total
-------------------------+-------+-------+-------++-------
Melee: Short sword       |   140 |   313 |    19 ||   472
       Dagger            |       |       |   185 ||   185
Evoke: Wand              |       |    10 |     4 ||    14
       Deck              |       |       |     3 ||     3
  Use: Scroll            |       |    12 |     3 ||    15
  Eat: Chunk             |     1 |     3 |       ||     4
       Bread ration      |       |     1 |       ||     1
       Meat ration       |       |       |     1 ||     1
       Beef jerky        |       |       |     1 ||     1
